AoeStats
← Xerxes is Gio

Arabia

510655227Analyzed
2v2 RM · 2d ago on Oct 2, 2026· 30m 36s· 4 players
Game mode
Random Map
Map size
Medium (4 player)
Population
200
Speed
Normal
Resources
Standard
Victory
Conquest
Starting age
Dark Age
Ending age
Imperial Age
RankedLock teamsTeams togetherTeam positionsShared explorationLock speedFull tech treeHidden civsTurbo modeCheats
Victory
Defeat
🇧🇷 Mongols · Brazil
953
+16
🇧🇷 Persians · Brazil
919
+17
🇵🇾 Saxons · Paraguay
997
-18
🇵🇾 Vietnamese · Paraguay
902
-15
Coelho
1:02 Loom
10:38 Feudal Age
11:01 Double-Bit Axe
15:52 Fletching
17:53 Padded Archer Armor
20:17 Wheelbarrow
26:23 Castle Age
25:06 Horse Collar
26:14 Crossbowman
27:02 Bodkin Arrow
29:21 Leather Archer Armor
Raezen
3:43 Loom
8:46 Feudal Age
7:02 Loom
9:30 Double-Bit Axe
17:20 Horse Collar
21:22 Castle Age
19:42 Scale Barding Armor
19:51 Forging
19:34 Gold Mining
20:30 Bloodlines
Hyuga_Torres
7:50 Loom
9:54 Feudal Age
19:54 Forging
21:27 Gold Mining
24:16 Castle Age
25:11 Double-Bit Axe
27:36 Horse Collar
27:58 Fletching
29:04 Elite Skirmisher
30:18 Bodkin Arrow
30:28 Padded Archer Armor
Xerxes is Gio
9:00 Loom
11:39 Feudal Age
13:19 Double-Bit Axe
24:44 Castle Age
24:30 Bloodlines
27:46 Husbandry
28:25 Fletching
Connection lost

Rejoining the realm…

Still unreachable

The connection could not be restored.

Session expired

The server has moved on; the page needs a fresh start.